 Dungeon Crawl Stone Soup version 0.31-a0-1008-g5b978dac0e (webtiles) character file.

Game seed: 17219852425315735202

169 theswoord the Twirler (level 5, 0/38 HPs)
             Began as a Demonspawn Gladiator on Nov 13, 2023.
             Slain by Grinder (2 damage)
             ... while paralysed by Grinder
             ... on level 3 of the Dungeon.
             The game lasted 00:07:03 (2541 turns).

theswoord the Twirler (Demonspawn Gladiator)        Turns: 2541, Time: 00:07:03

Health: 0/38       AC:  9    Str: 16    XL:     5   Next: 25%
Magic:  5/5        EV:  2    Int: 10    God:
Gold:   189        SH:  0    Dex: 16    Spells: 4/4 levels left

rFire   . . .        a - +1 quarterstaff
rCold   . . .        (shield currently unavailable)
rNeg    . . .        s - +0 chain mail
rPois   .            c - +0 helmet
rElec   .            (no cloak)
rCorr   .            (no gloves)
SInv    .            (no boots)
Will    .....        (no amulet) Stlth
                     (no ring)
HPRegen 0.26/turn    (no ring)
MPRegen 0.09/turn

%: no passive effects
@: paralysed
A: thin skeletal structure 1, demonic guardian 1
a: no special abilities


You were on level 3 of the Dungeon.
You visited 1 branch of the dungeon, and saw 3 of its levels.

You collected 189 gold pieces.

Inventory:

Hand Weapons
 a - a +1 quarterstaff (weapon)
Missiles
 e - a javelin
Armour
 b - a +0 leather armour
 c - a +0 helmet (worn)
 k - a +0 ring mail
 s - a +0 chain mail (worn)
Scrolls
 i - 2 scrolls of teleportation
 l - 2 scrolls of identify
 o - a scroll of enchant weapon
 r - a scroll of enchant armour {unknown}
Potions
 g - 2 potions of resistance
 h - a potion of enlightenment
 j - a potion of mutation
 m - 2 potions of might
 n - a potion of degeneration {unknown}
 p - a potion of invisibility {unknown}
 q - a potion of lignification {unknown}


   Skills:
 - Level 2.0 Fighting
 + Level 5.5 Staves
 - Level 1.7 Throwing
 - Level 2.6 Dodging


You had 4 spell levels left.
You didn't know any spells.
Your spell library was empty.

Dungeon Overview and Level Annotations

Branches:
Dungeon (3/15)

Altars:

Shops:
D:1 *

Annotations:
D:3 Grinder


Innate Abilities, Weirdness & Mutations

You have a somewhat thin skeletal structure. (Dex +2, Stealth+)
A weak demonic guardian rushes to your aid.


Message History

The goblin completely misses you.
You hit the goblin.
You kill the goblin!
Things that are here:
a +0 club; a goblin corpse Throw: 3 throwing nets
Press: ? - help, Q - select action, (/) - cycle Shift-Dir - straight line, f - Grinder
Aim: Grinder (53% to hit)
You throw a throwing net. The throwing net barely misses Grinder.
Grinder hits you!
You writhe in agony.
A rat comes into view.
Unknown command.
Throw: 2 throwing nets
Press: ? - help, Q - select action, (/) - cycle Shift-Dir - straight line, f/p - Grinder
Aim: Grinder (53% to hit)
You throw a throwing net.
The throwing net closely misses Grinder.
Grinder hits you.
You writhe in agony.
* * * LOW HITPOINT WARNING * * *
Throw: throwing net
Press: ? - help, Q - select action, (/) - cycle Shift-Dir - straight line, f/p - Grinder
Aim: Grinder (53% to hit)
You throw a throwing net. The throwing net barely misses Grinder.
Grinder hits you but does no damage.
You hit Grinder. Grinder hits you.
* * * LOW HITPOINT WARNING * * *
You writhe in agony.
* * * LOW HITPOINT WARNING * * *
You hit Grinder. Grinder hits you!
* * * LOW HITPOINT WARNING * * *
A demonic guardian appears!
You writhe in agony.
* * * LOW HITPOINT WARNING * * *
Unknown command.
You closely miss Grinder. Grinder gestures at you.
You suddenly lose the ability to move!
Your white imp hits Grinder but does no damage.
Grinder hits you.
You die...
Grinder says, "Now the real fun starts!"

#.........# #(#
#.###...#.# #.#
#.##.###..# ..## #.#.##
##.# # ...# #.#.# #.#
#. #..# #.#.## ##.#
##.###..###.##.###..#
#.>..55.....###...#.#
#....r@.###..^.<....#
#..###......####..#####
# #..#
#.####.##.........
#.##..# #.#
#.##.#..#####
#.#...###.#
#.##รท<..#####
#.........#
#.........<..
###...#####
####.)..##### ##.##
#.##.### #.# #.##...###


You could see Grinder (ally target), a rat and a friendly white imp (summoned).

Vanquished Creatures
  An orc wizard (D:3)
  6 adders
  2 dart slugs (D:2)
  2 ball pythons
  3 bats
  5 endoplasms
  3 giant cockroaches
  6 goblins
  5 hobgoblins
  4 jackals (D:3)
  8 kobolds
  4 quokkas
  6 frilled lizards
  4 rats
59 creatures vanquished.

Vanquished Creatures (collateral kills)
  An orc wizard (D:3)
  An orc (D:3)
2 creatures vanquished.

Grand Total: 61 creatures vanquished

Notes
Turn   | Place    | Note
-------+----------+-------------------------------------------
     0 | D:1      | theswoord the Demonspawn Gladiator began the quest for the
                  | Orb.
     0 | D:1      | Reached XP level 1. HP: 16/16 MP: 1/1
    71 | D:1      | Reached skill level 3 in Staves
   142 | D:1      | Gained mutation: A weak demonic guardian rushes to your
                  | aid. [demonic ancestry]
   142 | D:1      | Reached XP level 2. HP: 20/22 MP: 2/2
   189 | D:1      | Found Jyubb's Assorted Antiques.
   805 | D:1      | Found a faded altar of an unknown god.
   968 | D:2      | Reached XP level 3. HP: 27/27 MP: 3/3
  1047 | D:2      | Reached skill level 4 in Staves
  1517 | D:3      | Gained mutation: You have a somewhat thin skeletal
                  | structure. (Dex +2, Stealth+) [demonic ancestry]
  1517 | D:3      | Reached XP level 4. HP: 33/33 MP: 4/4
  2147 | D:3      | Reached skill level 5 in Staves
  2176 | D:3      | Reached XP level 5. HP: 21/38 MP: 5/5
  2531 | D:3      | Noticed Grinder
  2539 | D:3      | HP: 1/38 [Grinder (1)]
  2540 | D:3      | Paralysed by Grinder for 2 turns
  2541 | D:3      | Slain by Grinder

Skill      XL: |  1  2  3  4 |
---------------+-------------+-----
Staves         | 3 4 5 |  5.5
Fighting       | |  2.0
Throwing       | |  1.7
Dodging        | |  2.6

Action                     |  1- 3 |  4- 6 || total
---------------------------+-------+-------++-------
  Melee: Quarterstaff      |   107 |    72 ||   179
  Throw: Throwing net      |       |     3 ||     3
    Use: Scroll            |     8 |       ||     8
         Potion            |       |     1 ||     1
   Stab: Sleeping          |     1 |     1 ||     2
 Armour: Leather armour    |    48 |       ||    48
         Chain mail        |       |    86 ||    86
         Ring mail         |       |    23 ||    23
  Dodge: Dodged            |    78 |    26 ||   104

Levels and vault maps discovered:
D:1:      wheals_arrival_linesprint, layout_basic,
          shapermc_ecumenical_altar_totnotflames, serial_shops,
          nicolae_shop_just_a_little_nook
D:2:      layout_loops_ring, minmay_gold_behind_fungi, reono_crystal_passage
D:3:      layout_loops_ring, uniq_grinder
